Map: Abyssal Reef LE

Players

rafapras - Winner!

  • Race: Protoss Protoss
  • League: Diamond
  • Spawn Location: 11:00

aeniMa

  • Race: Protoss Protoss
  • League: Diamond
  • Spawn Location: 5:00

VOD

Have the link to the VOD?

Description

Time

  • Played on: Dec. 2, 2017, 4:09 p.m.
  • Length: 7:06
Show
View Real Time Build Order
Export as new Build Order

rafapras Protoss - Winner!

Build Orders: Oracle Opening 

Get SALT Encoding   

  12  0:01  Probe  
  13  0:14  Probe  
  14  0:17  Pylon  
  14  0:26  Probe  
  15  0:38  Probe  
  15  0:40  Gateway  
  16  0:48  Assimilator  
  16  0:52  Assimilator  
  16  0:55  Probe (Chrono Boost)  
  17  1:07  Probe (Chrono Boost)  
  18  1:15  Probe (Chrono Boost)  
  19  1:19  Gateway  
  19  1:28  Cybernetics Core  
  19  1:30  Probe  
  20  1:43  Probe (Chrono Boost)  
  21  1:52  Pylon  
  22  1:55  Probe (Chrono Boost)  
  22  1:57  Probe  
  23  2:10  Probe  
  23  2:14  Warp Gate (Chrono Boost)  
  24  2:16  Stalker x2  
  28  2:28  Stargate  
  28  2:46  Adept  
  30  3:14  Nexus  
  30  3:18  Pylon  
  30  3:32  Probe  
  31  3:36  Adept  
  36  3:43  Oracle  
  37  3:55  Probe  
  37  3:59  Shield Battery  
  37  4:02  Shield Battery  
  37  4:03  Pylon  
  37  4:07  Probe  
  38  4:20  Probe  
  39  4:27  Adept x2  
  37  4:42  Probe x2  
  42  4:50  Oracle (Chrono Boost)  
  42  4:54  Probe x2  
  44  5:06  Probe  
  45  5:12  Stalker x2  
  45  5:13  Probe  
  48  5:18  Probe  
  52  5:22  Gateway  
  52  5:23  Oracle (Chrono Boost)  
  52  5:25  Probe  
  53  5:36  Gateway  
  53  5:37  Gateway  
  53  5:42  Adept  
  53  5:43  Adept  
  53  5:45  Probe x2  
  53  5:46  Oracle (Chrono Boost)  
  62  5:52  Pylon  
  62  5:53  Pylon  
  62  5:58  Assimilator  
  62  6:10  Probe x2  
  64  6:13  Stalker x2  
  64  6:16  Void Ray (Chrono Boost)  
  72  6:19  Stalker  
  72  6:22  Probe x2  
  72  6:34  Probe x2  
  72  6:42  Stalker x3  
  72  6:46  Probe x2  
  76  6:56  Stalker  
Show
View Real Time Build Order
Export as new Build Order

aeniMa Protoss 

Build Orders:  

Get SALT Encoding   

  12  0:08  Pylon  
  12  0:13  Probe (Chrono Boost)  
  14  0:23  Probe (Chrono Boost)  
  14  0:30  Gateway  
  14  0:34  Probe  
  15  0:41  Assimilator  
  15  0:46  Probe  
  16  0:58  Probe  
  17  1:10  Assimilator  
  17  1:11  Probe  
  18  1:17  Cybernetics Core  
  18  1:23  Probe  
  19  1:26  Gateway  
  19  1:35  Probe  
  19  1:38  Zealot  
  22  1:45  Pylon  
  22  2:06  Robotics Facility, Warp Gate (Chrono Boost)  
  22  2:13  Zealot  
  24  2:19  Zealot  
  26  2:33  Pylon  
  26  2:40  Zealot  
  28  2:46  Zealot  
  30  2:58  Immortal (Chrono Boost)  
  34  3:05  Probe  
  37  3:27  Immortal (Chrono Boost)  
  37  3:29  Pylon  
  37  3:41  Robotics Bay  
  37  4:00  Immortal  
  41  4:14  Adept  
  41  4:15  Adept  
  33  4:41  Adept x2  
  33  4:45  Disruptor  
  40  5:17  Stalker x2  
  44  5:36  Pylon  
  44  5:44  Stalker  
  46  5:54  Zealot  
  46  5:57  Pylon  
  48  6:08  Gateway  
  48  6:12  Stalker  
  48  6:15  Stalker  
  50  6:45  Stalker x2  
Tags
 
Add a new tag
Caveats
  • Supply blocks, unpowered buildings, or Contaminate may cause inaccurate times.
  • Supply counts are checked every 10 seconds.